 Dungeon Crawl Stone Soup version 0.27-a0-46-g34d46f0 (webtiles) character file.

Game seed: 13684341867817075126

679 taqueso the Twirler (level 7, -3/50 HPs)
             Began as a Demonspawn Gladiator on Jan 6, 2021.
             Was a Follower of Qazlal.
             Shot with an arrow by a centaur (14 damage)
             ... on level 5 of the Dungeon.
             The game lasted 00:14:26 (4715 turns).

taqueso the Twirler (Demonspawn Gladiator)          Turns: 4715, Time: 00:14:26

Health: -3/50      AC: -1    Str: 14    XL:     7   Next: 34%
Magic:  7/7        EV: 13    Int: 12    God:    Qazlal [*.....]
Gold:   311        SH:  1    Dex: 16    Spells: 5/6 levels left

rFire    . . .     SeeInvis .   a - +2 quarterstaff
rCold    . . .     Faith    .   (shield currently unavailable)
rNeg     . . .     Spirit   .   b - +0 leather armour
rPois    +         Reflect  .   c - +0 helmet
rElec    .         Harm     .   (no cloak)
rCorr    .         Rampage  .   t - +1 pair of gloves
Will     .....                  F - +0 pair of boots
Stlth    ..........             w - amulet of inaccuracy (curse)
HPRegen  0.16/turn              v - ring of poison resistance (curse)
MPRegen  0.10/turn              l - ring of attention (curse)

@: lethally poisoned (-3 -> -8), marked, corroded, invisible
A: hooves 2, powered by death 2, spiny 1, big brain 1
a: Renounce Religion


You were on level 5 of the Dungeon.
You worshipped Qazlal.
Qazlal was aware of your devotion.
You visited 2 branches of the dungeon, and saw 6 of its levels.

You collected 311 gold pieces.

Inventory:

Hand Weapons
 a - a +2 quarterstaff (weapon)
Missiles
 d - 3 throwing nets {=f!f}
 f - 33 poisoned darts
 h - 3 datura-tipped darts
 p - 106 stones
 s - 3 curare-tipped darts
 D - 8 atropa-tipped darts
 E - 5 boomerangs (quivered)
Armour
 b - a +0 leather armour (worn)
 c - a +0 helmet (worn)
 o - a +0 pair of gloves
 t - a +1 pair of gloves (worn)
 F - a +0 pair of boots (worn)
Jewellery
 g - an uncursed ring of flight
 l - a cursed ring of attention (right hand)
 v - a cursed ring of poison resistance (left hand)
 w - a cursed amulet of inaccuracy (around neck)
Scrolls
 i - a scroll of magic mapping
 H - 2 scrolls of remove curse {unknown}
Potions
 m - 2 potions of haste
 r - a potion of might
 x - a potion of curing
 z - a potion of heal wounds {unknown}
 B - 2 potions of resistance
 G - a potion of degeneration {unknown}
 I - a potion of berserk rage {unknown}


   Skills:
 - Level 2.0 Fighting
 + Level 7.9 Staves
 - Level 1.7 Throwing
 - Level 2.6 Dodging


You had 5 spell levels left.
You knew the following spells:

 Your Spells              Type           Power        Failure   Level
a - Magic Dart            Conj           0%           38%         1

Your spell library contained the following spells:

 Spells                   Type           Power        Failure   Level
 Blink                    Tloc           N/A          54%         2
 Call Imp                 Summ           0%           54%         2
 Slow                     Hex            0%           54%         2
 Conjure Flame            Conj/Fire      0%           77%         3
 Mephitic Cloud           Conj/Pois/Air  0%           77%         3


Dungeon Overview and Level Annotations

Branches:
Dungeon (5/15)             Temple (1/1) D:4

Altars:
Ashenzari
Dithmenos
Fedhas
Gozag
Hepliaklqana
Makhleb
Okawaru
Qazlal
Ru
Uskayaw
Wu Jian
Xom
Zin
The Shining One


Innate Abilities, Weirdness & Mutations

You have hoof-like feet.
You regenerate health from kills.
You are partially covered in sharp spines.
You have an unusually large brain. (Int +2)


Message History

The centaur unwields a +0 shortbow.
The centaur barely misses you.
You closely miss the centaur. The centaur hits you!
You hit the centaur but do no damage. The centaur closely misses you.
You hit the scorpion.
The scorpion is lightly wounded.
The centaur hits you. The scorpion stings you.
You are poisoned.
The scorpion poisons you! The centaur is struck by your spines.
The centaur hits you!
* * * LOW HITPOINT WARNING * * *
A hound comes into view.
You feel sick.
You feel sick. The hound is struck by your spines. The hound misses you.
You block the hound's attack.
You fade into invisibility!
You feel sick. The hound bites you.
* * * LOW HITPOINT WARNING * * *
The centaur wields a +0 shortbow.
The centaur shoots an arrow.
The arrow barely misses the scorpion.
The arrow hits you!
You die...

##......#.....######..##
#...........### #......
#......#.##...## #.##...
#..(...##......##.. ###.
.#............#.. .#.
##............#.......
##..c°(...#..##.#.....
#....s##..#.... #.....
##.#.@# ....#.#.......
#..##.h...### #..#....
#.( #.#.#..# ....... ##
###...... ...... .....
..# ..... .... ....


You could see a centaur, a scorpion and a hound.

Vanquished Creatures
  An ogre (D:5)
  A water moccasin skeleton (D:4)
  A howler monkey (D:4)
  A jelly (D:5)
  An orc priest (D:3)
  3 orc wizards
  7 worker ants
  6 adders
  An adder skeleton (D:4)
  4 worms
  4 dart slugs
  3 leopard geckos
  22 orcs
  2 ball pythons (D:1)
  5 giant cockroaches
  6 goblins
  5 hobgoblins
  8 jackals
  10 kobolds
  4 quokkas
  6 bats
  10 frilled lizards
  A quokka skeleton (D:4)
  7 rats
119 creatures vanquished.

Vanquished Creatures (collateral kills)
  A jackal (D:2)
  A kobold (D:2)
  A rat (D:2)
3 creatures vanquished.

Vanquished Creatures (others)
  A jackal (D:2)
  A kobold (D:1)
  11 plants
13 creatures vanquished.

Grand Total: 135 creatures vanquished

Notes
Turn   | Place    | Note
-------+----------+-------------------------------------------
     0 | D:1      | taqueso the Demonspawn Gladiator began the quest for the
                  | Orb.
     0 | D:1      | Reached XP level 1. HP: 16/16 MP: 1/1
   294 | D:1      | Reached skill level 3 in Staves
   515 | D:1      | Gained mutation: You have an unusually large brain. (Int
                  | +2) [demonic ancestry]
   515 | D:1      | Reached XP level 2. HP: 22/22 MP: 2/2
   790 | D:1      | Gained mutation: You regenerate a little health from kills.
                  | [demonic ancestry]
   790 | D:1      | Reached XP level 3. HP: 25/27 MP: 3/3
  1284 | D:2      | Reached skill level 4 in Staves
  1522 | D:2      | Gained mutation: You regenerate health from kills. [demonic
                  | ancestry]
  1522 | D:2      | Reached XP level 4. HP: 28/33 MP: 4/4
  2318 | D:3      | Reached skill level 5 in Staves
  2617 | D:3      | Found a glowing golden altar of the Shining One.
  2741 | D:3      | Gained mutation: You have large cloven feet. [demonic
                  | ancestry]
  2741 | D:3      | Reached XP level 5. HP: 22/38 MP: 5/5
  2773 | D:3      | Learned a level 1 spell: Magic Dart
  3256 | D:3      | Found a shadowy altar of Dithmenos.
  3284 | D:4      | Found a staircase to the Ecumenical Temple.
  3321 | Temple   | Entered the Ecumenical Temple
  3445 | Temple   | Became a worshipper of Qazlal Stormbringer
  3518 | D:4      | Reached skill level 6 in Staves
  3527 | D:4      | Gained mutation: You have hoof-like feet. [demonic
                  | ancestry]
  3527 | D:4      | Reached XP level 6. HP: 20/44 MP: 6/6
  3844 | D:4      | Reached skill level 7 in Staves
  4507 | D:4      | Found an opulent altar of Gozag.
  4554 | D:5      | Entered Level 5 of the Dungeon
  4593 | D:5      | Gained mutation: You are partially covered in sharp spines.
                  | [demonic ancestry]
  4593 | D:5      | Reached XP level 7. HP: 50/50 MP: 7/7
  4608 | D:5      | Reached * piety under Qazlal
  4715 | D:5      | Shot with an arrow by a centaur

Illustrated notes

Levels and vault maps discovered:
D:1:      evilmike_arrival_hilbert_curve, layout_basic, kennysheep_nondescript
D:2:      layout_rooms, minmay_lizard_king
D:3:      layout_basic, tso_oasis_becter, general_overflow_altar,
          grunt_ministairs_1
D:4:      layout_basic, nicolae_gozag_cash_rules_everything_around_me,
          temple_pool_b
D:5:      layout_cave_pools
Temple:   jpeg_temple_clearing

Skill      XL: |  1  2  3  4  5  6 |
---------------+-------------------+-----
Staves         | 3 4 5 6 7 |  7.9
Fighting       | |  2.0
Throwing       | |  1.7
Dodging        | |  2.6

Action                   |  1- 3 |  4- 6 |  7- 9 || total
-------------------------+-------+-------+-------++-------
Melee: Quarterstaff      |    91 |   187 |    25 ||   303
       Kick              |       |    26 |       ||    26
Throw: Stone             |    27 |   174 |       ||   201
       Dart              |    42 |       |       ||    42
       Boomerang         |       |    10 |    12 ||    22
  Use: Scroll            |       |    13 |       ||    13
       Potion            |       |       |     1 ||     1
Armor: Leather armour    |    36 |    49 |     6 ||    91
Dodge: Dodged            |    56 |   111 |    15 ||   182
Block: Other             |       |       |     2 ||     2

Table legend: (Time is in decaauts)
 A = Elapsed time spent in this place.
 B = Non-inter-level travel time spent in this place.
 C = Inter-level travel time spent in this place.
 D = Time resting spent in this place.
 E = Time spent auto-exploring this place.
 F = Levels seen in this place.
 G = Mean time per level.
                   A        B        C        D        E       F      G
               +--------+--------+--------+--------+--------+-----+--------+
         Total |   4732 |   4493 |    239 |      0 |   3593 |   6 |  788.7 |
       Dungeon |   4593 |   4376 |    217 |      0 |   3478 |   5 |  918.6 |
        Temple |    138 |    116 |     22 |      0 |    115 |   1 |  138.0 |
               +--------+--------+--------+--------+--------+-----+--------+

Top non-repeatable levels by time:
     D:1: 1267 daAuts
     D:4: 1135 daAuts
     D:2: 1069 daAuts
     D:3: 958 daAuts
     D:5: 162 daAuts
  Temple: 138 daAuts
